 Dungeon Crawl Stone Soup version 0.25-a0-517-gf8b3a32422 (webtiles) character file.

Game seed: 10345992662033463786, levelgen mode: classic

133022 EnegeticOcto the Pandemonic (level 16, -11/159 HPs)
             Began as a Deep Dwarf Fighter on Feb 17, 2020.
             Was a High Priest of Makhleb.
             Mangled by an Executioner (16 damage)
             ... summoned by the player character
             ... on level 4 of the Spider Nest.
             The game lasted 00:13:52 (15070 turns).

EnegeticOcto the Pandemonic (Deep Dwarf Fighter)   Turns: 15070, Time: 00:13:53

Health: -11/159    AC: 23    Str: 32    XL:     16   Next: 58%
Magic:  8/8        EV: 20    Int: 10    God:    Makhleb [*****.]
Gold:   550        SH: 16    Dex: 25    Spells: 15/15 levels left

rFire    . . .     SeeInvis .   a - +5 broad axe
rCold    . . .     Gourm    .   c - +1 kite shield
rNeg     + . .     Faith    .   E - +3 chain mail of Duck's Teeth {Str+4 Dex+10}
rPois    +         Spirit   .   T - +0 helmet
rElec    .         Reflect  .   b - +0 cloak
rCorr    .         Harm     .   h - +0 pair of gloves
MR       +++..     Clarity  +   M - +2 pair of boots
Stlth    ..........             (no amulet)
HPRegen  0.00/turn              R - ring of protection from magic
MPRegen  0.11/turn              i - ring "Ceesed" {rPois Str+4 Dex+3}

@: non-regenerating, studying Staves
A: damage resistance, heal wounds, repulsion field 1, clarity, high mp 1,
negative energy resistance 1, sense surroundings 2, weak 1, no regeneration
a: Heal Wounds, Minor Destruction, Lesser Servant of Makhleb, Major Destruction,
Greater Servant of Makhleb, Renounce Religion


You were on level 4 of the Spider Nest.
You worshipped Makhleb.
Makhleb was extremely pleased with you.
You were not hungry.

You visited 4 branches of the dungeon, and saw 26 of its levels.
You visited 1 bazaar.

You collected 1089 gold pieces.
You spent 539 gold pieces at shops.

Inventory:

Hand Weapons
 a - a +5 broad axe (weapon)
Missiles
 Q - 2 throwing nets (quivered)
Armour
 b - a +0 cloak (worn)
 c - a +1 kite shield (worn)
 h - a +0 pair of gloves (worn)
 E - the +3 chain mail of Duck's Teeth (worn) {Str+4 Dex+10}
   (You bought it in a shop in a bazaar)

   It affects your strength (+4).
   It affects your dexterity (+10).
   If you remove this armour, your AC will decrease by 15 (23 -> 8).
 M - a +2 pair of boots (worn)
 T - a +0 helmet (worn)
Jewellery
 i - the ring "Ceesed" (right hand) {rPois Str+4 Dex+3}
   (You found it on level 12 of the Dungeon)

   [ring of strength]

   It affects your strength (+4).
   It affects your dexterity (+3).
   It protects you from poison.
 R - a ring of protection from magic (left hand)
Wands
 v - a wand of scattershot (10)
 x - a wand of flame (31)
 y - a wand of iceblast (17)
 C - a wand of digging (6) {@V2}
 D - a wand of paralysis (18)
 F - a wand of polymorph (2)
 N - a wand of clouds (6)
 P - a wand of acid (25) {@V1}
Scrolls
 f - 12 scrolls of teleportation {@r2}
 g - 8 scrolls of remove curse {@r6}
 j - 2 scrolls of blinking {@r3}
 l - 2 scrolls of enchant armour
 u - 3 scrolls of magic mapping {@r5}
 z - 5 scrolls of immolation {@r4}
 H - a scroll of holy word
 I - 4 scrolls of fog
 O - 9 scrolls of identify {@r1}
 S - 2 scrolls of fear
Potions
 d - 2 potions of mutation
 k - 5 potions of might {@q3}
 m - 3 potions of resistance {@q6}
 n - 3 potions of haste {@q4}
 o - 11 potions of curing {@q1}
 p - 3 potions of heal wounds {@q2}
 q - 4 potions of flight
 r - 2 potions of cancellation
 s - 3 potions of brilliance
 t - 6 potions of berserk rage
 w - 2 potions of lignification {@q7}
 B - 2 potions of magic
 G - a potion of degeneration
 J - a potion of agility
 K - 3 potions of invisibility
Books
 A - a manual of Staves
Comestibles
 e - 45 rations
 L - 6 chunks of flesh


   Skills:
 * Level 14.2 Fighting
 * Level 15.7 Axes
 + Level 11.4 Armour
 + Level 11.0 Dodging
 + Level 11.4 Shields
 * Level 16.4 Invocations


You had 15 spell levels left.
You didn't know any spells.
Your spell library contained the following spells:

 Spells                   Type           Power        Failure   Level  Hunger
 Beastly Appendage        Tmut           #.....       91%         1    ##.....
 Magic Dart               Conj           #...         91%         1    ##.....
 Sandblast                Erth           #.....       91%         1    ##.....
 Summon Small Mammal      Summ           #...         91%         1    ##.....
 Blink                    Tloc           N/A          97%         2    ###....
 Call Imp                 Summ           #.......     97%         2    ###....
 Passwall                 Tmut/Erth      #.......     97%         2    ###....
 Slow                     Hex            #.......     97%         2    ###....
 Sticks to Snakes         Tmut           #.......     97%         2    ###....
 Call Canine Familiar     Summ           #.......     99%         3    ####...
 Confusing Touch          Hex            #.......     99%         3    ####...
 Conjure Flame            Conj/Fire      #.......     99%         3    ####...
 Gell's Gravitas          Tloc           #.........   99%         3    ####...
 Mephitic Cloud           Conj/Pois/Air  #.......     99%         3    ####...
 Spider Form              Tmut/Pois      #.........   99%         3    ####...
 Stone Arrow              Conj/Erth      #.....       99%         3    ####...
 Summon Guardian Golem    Hex/Summ       #.......     99%         3    ####...
 Ice Form                 Ice/Tmut       #.......     100%        4    #####..
 Petrify                  Tmut/Erth      #.......     100%        4    #####..
 Summon Ice Beast         Ice/Summ       #.......     100%        4    #####..
 Summon Lightning Spire   Summ/Air       #.......     100%        4    #####..
 Blade Hands              Tmut           #.........   100%        5    ######.
 Lee's Rapid Deconstruct  Erth           #.........   100%        5    ######.
 Metabolic Englaciation   Hex/Ice        #.........   100%        5    ######.
 Yara's Violent Unravell  Hex/Tmut       #.........   100%        5    ######.
 Chain Lightning          Conj/Air       #.........   100%        8    #######
 Lehudib's Crystal Spear  Conj/Erth      #.........   100%        8    #######
 Fire Storm               Conj/Fire      #.........   100%        9    #######
 Glaciate                 Conj/Ice       #.........   100%        9    #######


Dungeon Overview and Level Annotations

Branches:
Dungeon (15/15)            Temple (1/1) D:5            Lair (6/6) D:10
  Swamp (0/4) Lair:2       Spider (4/4) Lair:3        Slime (0/5) Lair:6
    Orc (0/2) D:11         Vaults (0/5) D:14         Depths (0/5) D:15

Altars:
Ashenzari
Gozag
Kikubaaqudgha
Makhleb
Nemelex Xobeh
Sif Muna
Trog
Vehumet
Wu Jian
Xom
Yredelemnul
Zin
The Shining One
Jiyva

Shops:
D:5 *   D:14 *   D:15 (

Annotations:
D:4 3 runed translucent doors, Esekla's ghost, novice DEWz; Fimbulvetr's ghost, amateur HOCK; Gruesome's ghost, amateur FoHu; whitenoisemaker's ghost, amateur DrFi
Lair:3 1 runed translucent door, Yheilu's ghost, journeyman OpCj
Lair:5 exclusion: oklob plant


Innate Abilities, Weirdness & Mutations

You are resistant to damage.
You can heal yourself by infusing magical energy.
You resist negative energy. (rN+)
You passively map the area around you.
You do not regenerate.
You are surrounded by a mild repulsion field. (EV +2)
You possess an exceptional clarity of mind.
You have an increased reservoir of magic. (+10% MP)
You are weak. (Str -2)


Message History

The orb spider spins a strand of pure energy.
Your hellwing hits the spark wasp! Your hellwing hits the spark wasp.
You slice the spark wasp!!
You kill the spark wasp!
Makhleb accepts your kill.
You slash the jumping spider!
The jumping spider pounces on you but does no damage.
You block the jumping spider's attack.
The jumping spider leaps!
Your smoke demon hits the jumping spider.
Your smoke demon hits the jumping spider but does no damage.
Your smoke demon barely misses the jumping spider.
Your orange demon stings the jumping spider from afar!
You slice the jumping spider!!
You kill the jumping spider!
Makhleb accepts your kill.
You feel better.
Your hellwing closely misses the jumping spider. x2
Your orange demon barely misses the jumping spider.
You slice the jumping spider!!
The jumping spider is heavily wounded.
You hit the jumping spider but do no damage.
The jumping spider misses you. You block the jumping spider's attack.
The jumping spider barely misses you. You block the jumping spider's attack.
Your hellwing hits the jumping spider!
Your hellwing barely misses the jumping spider.
Your smoke demon gestures at the jumping spider.
The jumping spider is smitten.
The jumping spider dies!
Makhleb accepts your kill.
Your orange demon stings the jumping spider from afar.
The jumping spider looks as sick as possible!
Your orange demon poisons the jumping spider!
You slice the jumping spider!!
You kill the jumping spider!
Makhleb accepts your kill.
You feel better. You block the redback's attack.
Your orange demon stings the redback from afar.
The redback is poisoned.
Your orange demon poisons the redback!
You slash the redback!
The redback is heavily wounded.
You block the redback's attack.
A demon appears!
It doesn't seem very happy.
The redback dies!
Makhleb accepts your kill.
Your orange demon stings the balrug from afar!
The jumping spider pounces on your smoke demon!
The jumping spider barely misses your smoke demon.
A demon appears!
It doesn't seem very happy.
The jumping spider leaps!
Your orange demon stings the balrug from afar.
The jumping spider leaps!
Okay, then.
The orb spider weaves a glowing orb of energy.
The wavering orb of destruction weakly hits your smoke demon!!
Your orange demon barely misses the balrug.
Your orange demon hits the balrug.
Your smoke demon barely misses the orb spider.
Your smoke demon hits the orb spider. x2
The balrug barely misses your orange demon.
A demon appears!
The Executioner gestures.
The Executioner seems to speed up.
Your orange demon stings the balrug!
Your orange demon hits the balrug.
Your smoke demon hits the orb spider. x2
Your smoke demon barely misses the orb spider.
The balrug gestures at you. You block the sticky flame.
Your hellwing swoops through the air toward the jumping spider!
Your hellwing hits the jumping spider!
Your hellwing barely misses the jumping spider.
A demon appears!
The Executioner misses you. You block the Executioner's attack. x2
The Executioner hits you but does no damage.
The Executioner completely misses you.
The Executioner hits you but does no damage.
Your orange demon stings the balrug.
Your orange demon hits the balrug.
The balrug looks weaker.
You block the Executioner's attack. x2
The Executioner closely misses you. The balrug gestures at you.
The fireball explodes!
The fireball engulfs you!!
* * * LOW HITPOINT WARNING * * *
The fireball engulfs your cacodemon!!
The fireball engulfs the Executioner.
The Executioner resists.
The orb spider pulsates with a strange energy.
You are too injured to fight recklessly!
You are too injured to fight recklessly!
You are too injured to fight recklessly!
You are too injured to fight recklessly!
You are too injured to fight recklessly!
A demon appears!
Your orange demon disappears in a puff of smoke!
The Executioner hits you!!
* * * LOW HITPOINT WARNING * * *
You block the Executioner's attack. The Executioner closely misses you.
The Executioner hits you but does no damage.
You block the Executioner's attack.
The Executioner hits you but does no damage.
The balrug misses your cacodemon. The Executioner hits you!
You die...

#.......#..^... ,
###.......^#....#....,
,
#....................
##.^..............^..,
,,
##....^....#........ ,
,, ,
##.....4......^...., ,
, #...........?.....
##...#.^.s.....^^. , ,
##.....§2@.3s.... , ,
##....21†......., ^
#..#.†24....... ^*
##....^#....^.., , ,,,
#............. , ,
#..^.......... , ,,
#.^###..^..... , #.#
,^.)..... , ## *
....^.[ ,


You could see a balrug, an Executioner, an orb spider, a jumping spider, a
friendly cacodemon, a friendly green death, a friendly orange demon, a friendly
hellwing and a friendly smoke demon.

Vanquished Creatures
  Jorgrun (Spider:3)
  Frances (D:14)
  A ghost moth (Spider:3)
  A dire elephant (D:15)
  A spark wasp (Spider:4)
  An ogre mage (D:15)
  A vault guard (D:14)
  2 catoblepae
  8 hydras
  2 death knights
  4 centaur warriors
  8 two-headed ogres
  Erica (D:9)
  A deep troll shaman (Lair:6)
  13 death yaks
  Sonja (D:12)
  Urug (Lair:2)
  A phantasmal warrior (D:14)
  2 necromancers (D:14)
  4 deep elf magi
  An orb spider (Spider:2)
  19 ugly things
  An oklob plant (D:10)
  7 wolf spiders
  4 manticores
  4 cyclopes
  30 elephants
  2 black mambas
  Joseph (D:8)
  2 torpor snails
  3 gargoyles
  7 komodo dragons
  8 spiny frogs
  4 kobold demonologists
  A rime drake (Lair:6)
  A freezing wraith (D:14)
  3 demonic crawlers
  A redback zombie (D:15)
  A tengu conjurer (D:11)
  6 trolls
  A polar bear (Lair:6)
  8 jumping spiders
  3 hornets
  2 bog bodies (Lair:2)
  7 dream sheep
  5 slime creatures (D:12)
  6 blink frogs
  10 hippogriffs
  Sigmund (D:5)
  5 tarantellas
  18 redbacks
  17 humans (D:14)
  A shadow (D:15)
  51 yaks
  A yak (shapeshifter) (D:15)
  6 wraiths
  3 wyverns
  3 steam dragons
  4 basilisks
  3 hungry ghosts
  4 vampire mosquitoes (D:14)
  Edmund (D:6)
  3 swamp worms (Lair:2)
  Duvessa (D:5)
  11 water moccasins
  A water moccasin (shapeshifter) (D:13)
  6 porcupines
  A hornet zombie (D:7)
  3 orc warriors
  4 ice beasts
  5 phantoms
  6 sky beasts
  An eye of draining (D:13)
  5 ogres
  29 wolves
  10 centaurs
  14 crocodiles
  6 big kobolds
  23 bullfrogs
  Dowan (D:5)
  A wyvern zombie (D:12)
  A wyvern skeleton (D:14)
  4 scorpions
  A troll zombie (D:11)
  4 wights (D:15)
  4 electric eels
  2 howler monkeys
  12 crimson imps
  2 bullfrog zombies
  3 centaur zombies
  2 quasits
  12 hounds
  2 bullfrog skeletons
  7 orc priests
  7 centaur skeletons
  2 jellies (D:8)
  Ijyb (D:5)
  12 orc wizards
  6 worker ants
  3 iguanas
  Natasha (D:4)
  3 ogre zombies (D:11)
  A hound zombie (D:6)
  3 hound skeletons
  A howler monkey zombie (D:6)
  A worker ant zombie (D:8)
  A howler monkey skeleton (D:6)
  11 adders
  4 shadow imps
  2 oozes
  An adder skeleton (D:6)
  A worm (D:5)
  A leopard gecko (D:3)
  43 orcs
  A bat (D:3)
  4 giant cockroaches
  2 goblins (D:2)
  2 hobgoblins (D:3)
  16 jackals
  12 kobolds
  3 quokkas
  A ball python (D:4)
  3 frilled lizards
  2 goblin skeletons (D:11)
  7 hobgoblin zombies (D:11)
  A leopard gecko skeleton (D:4)
  An orc skeleton (D:11)
  7 orc zombies (D:11)
  A rat (D:3)
  4 fungi
  6 plants
686 creatures vanquished.

Vanquished Creatures (collateral kills)
  An emperor scorpion (Spider:3)
  A vault guard (D:14)
  4 hydras
  A death knight (D:14)
  A death yak (Lair:6)
  3 two-headed ogres
  A wizard (D:14)
  2 ugly things (D:11)
  A manticore (D:11)
  A black mamba (Lair:6)
  5 elephants (Lair:6)
  2 spiny frogs
  A komodo dragon (Lair:3)
  A demonic crawler (Spider:4)
  2 jumping spiders
  2 dream sheep (Lair:6)
  2 slime creatures (D:15)
  4 redbacks
  A shadow (D:11)
  3 yaks (Lair:6)
  A wyvern (D:11)
  A basilisk (D:15)
  3 humans (D:14)
  A soldier ant (D:11)
  A black bear (Lair:6)
  4 wolves (Lair:6)
  A centaur (D:11)
  2 crocodiles (Lair:6)
  A bullfrog (D:11)
  A troll zombie (D:11)
  A crimson imp (D:11)
  A hound (D:11)
  An iguana (D:11)
  A worker ant (D:14)
  3 ogre zombies (D:11)
  An adder (D:11)
  A hobgoblin skeleton (D:11)
  A hobgoblin zombie (D:11)
  3 orc skeletons (D:11)
  3 orc zombies (D:11)
71 creatures vanquished.

Vanquished Creatures (others)
  An adder (D:8)
  2 kobolds (D:8)
  9 fungi
  5 plants
  2 withered plants (D:4)
19 creatures vanquished.

Grand Total: 776 creatures vanquished

Notes
Turn   | Place    | Note
-------+----------+-------------------------------------------
     0 | D:1      | EnegeticOcto the Deep Dwarf Fighter began the quest for the
                  | Orb.
     0 | D:1      | Reached XP level 1. HP: 20/20 MP: 1/1
   104 | D:1      | You fall into a shaft and drop 1 floor!
   120 | D:2      | Reached XP level 2. HP: 20/27 MP: 2/2
   343 | D:2      | Reached skill level 1 in Dodging
   343 | D:2      | Reached XP level 3. HP: 19/34 MP: 3/3
   547 | D:3      | Reached XP level 4. HP: 28/42 MP: 3/3
   618 | D:3      | Reached XP level 5. HP: 26/49 MP: 4/4
   984 | D:4      | Reached XP level 6. HP: 43/57 MP: 5/5
  1044 | D:4      | Noticed Natasha
  1058 | D:4      | Killed Natasha
  1105 | D:4      | Found a runed translucent gate.
  1106 | D:4      | Found a runed translucent gate.
  1107 | D:4      | Found a runed translucent gate.
  1108 | D:4      | Noticed whitenoisemaker's ghost (amateur DrFi)
  1109 | D:4      | Noticed Gruesome's ghost (amateur FoHu)
  1109 | D:4      | Noticed Fimbulvetr's ghost (amateur HOCK)
  1109 | D:4      | Noticed Esekla's ghost (novice DEWz)
  1447 | D:5      | Entered Level 5 of the Dungeon
  1448 | D:5      | Found Zin's Purification Station.
  1461 | D:5      | Found a glowing silver altar of Zin.
  1560 | D:5      | Noticed Dowan
  1561 | D:5      | Noticed Duvessa
  1584 | D:5      | Killed Duvessa
  1584 | D:5      | Reached skill level 5 in Axes
  1584 | D:5      | Reached XP level 7. HP: 42/66 MP: 6/6
  1595 | D:5      | Killed Dowan
  1734 | D:5      | Noticed Sigmund
  1763 | D:5      | Killed Sigmund
  1763 | D:5      | Reached skill level 5 in Fighting
  1763 | D:5      | Reached skill level 5 in Armour
  1912 | D:5      | Found a staircase to the Ecumenical Temple.
  1926 | D:5      | Reached skill level 5 in Shields
  1933 | Temple   | Entered the Ecumenical Temple
  1964 | Temple   | Became a worshipper of Makhleb the Destroyer
  2028 | D:5      | Noticed Ijyb
  2041 | D:5      | Killed Ijyb
  2043 | D:5      | Reached XP level 8. HP: 41/74 MP: 7/7
  2228 | D:6      | Noticed Edmund
  2251 | D:6      | Killed Edmund
  2251 | D:6      | Reached skill level 1 in Invocations
  2305 | D:6      | Reached skill level 2 in Invocations
  2333 | D:6      | Reached skill level 3 in Invocations
  2445 | D:6      | Reached skill level 4 in Invocations
  2457 | D:6      | Reached * piety under Makhleb
  2745 | D:7      | Gained mutation: You passively map the area around you.
                  | [Deep Dwarf growth]
  2745 | D:7      | Reached XP level 9. HP: 47/82 MP: 11/11
  3279 | D:7      | Reached skill level 5 in Invocations
  3462 | D:8      | Noticed a manticore
  3482 | D:8      | Killed a manticore
  3482 | D:8      | Reached skill level 5 in Dodging
  3483 | D:8      | Reached skill level 6 in Invocations
  3547 | D:8      | Noticed Joseph
  3562 | D:8      | Reached ** piety under Makhleb
  3568 | D:8      | Reached XP level 10. HP: 82/94 MP: 10/10
  3590 | D:8      | Paralysed by a hornet for 3 turns
  3602 | D:8      | Paralysed by a hornet for 3 turns
  3619 | D:8      | Paralysed by a hornet for 2 turns
  3627 | D:8      | Killed Joseph
  3627 | D:8      | Reached skill level 7 in Invocations
  3699 | D:8      | Found a shimmering blue altar of Sif Muna.
  3752 | D:8      | Reached skill level 9 in Invocations
  3752 | D:8      | Reached XP level 11. HP: 84/104 MP: 7/10
  3753 | D:8      | Reached skill level 10 in Fighting
  3753 | D:8      | Reached XP level 12. HP: 95/117 MP: 7/11
  3962 | D:9      | Found a shattered altar of Ashenzari.
  4334 | D:9      | Found an opulent altar of Gozag.
  4464 | D:9      | Found a shimmering altar of Xom.
  4586 | D:9      | Noticed Erica
  4617 | D:9      | Killed Erica
  4671 | D:10     | Entered Level 10 of the Dungeon
  4732 | D:10     | Reached *** piety under Makhleb
  4735 | D:10     | Reached skill level 10 in Invocations
  4794 | D:10     | Found a staircase to the Lair.
  5301 | D:11     | Reached **** piety under Makhleb
  5408 | D:11     | Noticed a two-headed ogre
  5417 | D:11     | Noticed a two-headed ogre
  5418 | D:11     | Killed a two-headed ogre
  5432 | D:11     | Killed a two-headed ogre
  5432 | D:11     | Reached skill level 11 in Invocations
  5445 | D:11     | Reached XP level 13. HP: 82/127 MP: 7/7
  5474 | D:11     | You fall into a shaft and drop 2 floors!
  5476 | D:13     | Found a flickering gateway to a bazaar.
  5529 | Bazaar   | Entered a bazaar
  5529 | Bazaar   | Found Zuwett's Antique Armour Shop.
  5570 | Bazaar   | Found Pimun's Distillery.
  5597 | Bazaar   | Found Vumpoodi's Antique Weapon Shop.
  5618 | Bazaar   | Bought a heavily runed chain mail for 209 gold pieces
  5618 | Bazaar   | Bought an embroidered hat for 154 gold pieces
  5618 | Bazaar   | Bought a glowing scarf for 176 gold pieces
  5628 | Bazaar   | Identified the +3 chain mail of Duck's Teeth {Str+4 Dex+10}
                  | (You bought it in a shop in a bazaar)
  5733 | D:13     | Reached ***** piety under Makhleb
  6578 | D:12     | Found a glowing golden altar of the Shining One.
  6697 | D:12     | Reached skill level 12 in Invocations
  6774 | D:12     | Noticed Sonja
  6783 | D:12     | Gained mutation: You are weak. (Str -2) [a neqoxec]
  6806 | D:12     | Killed Sonja
  6820 | D:12     | Got a fine tin ring
  7173 | D:12     | Identified the ring "Ceesed" {rPois Str+4 Dex+3} (You found
                  | it on level 12 of the Dungeon)
  7353 | D:11     | Found a staircase to the Orcish Mines.
  7673 | D:14     | Noticed Frances
  7708 | D:14     | Killed Frances
  7829 | D:14     | Found a shimmering altar of Xom.
  7908 | D:14     | Found Rathras's Island Escapes.
  7972 | D:14     | Gained mutation: You resist negative energy. (rN+) [Deep
                  | Dwarf growth]
  7972 | D:14     | Reached XP level 14. HP: 73/138 MP: 1/1
  8023 | D:14     | Reached skill level 13 in Invocations
  8075 | D:14     | Found a gate to the Vaults.
  8659 | D:15     | Entered Level 15 of the Dungeon
  8762 | D:15     | Found a shimmering blue altar of Sif Muna.
  8861 | D:15     | Found Luanup's Antique Weapon Shoppe.
  9034 | D:15     | Reached ****** piety under Makhleb
  9178 | D:15     | Found a staircase to the Depths.
  9183 | D:15     | Reached skill level 10 in Shields
  9225 | D:15     | Reached skill level 14 in Invocations
  9231 | D:15     | Reached skill level 10 in Armour
  9607 | Lair:1   | Entered Level 1 of the Lair of Beasts
  9921 | Lair:2   | Reached XP level 15. HP: 147/147 MP: 3/3
 10353 | Lair:2   | Noticed Urug
 10367 | Lair:2   | Killed Urug
 10579 | Lair:2   | Found a staircase to the Swamp.
 10730 | Lair:3   | Reached skill level 10 in Dodging
 10827 | Lair:3   | Found a hole to the Spider Nest.
 11391 | Lair:3   | Found a runed translucent door.
 11394 | Lair:3   | Noticed Yheilu's ghost (journeyman OpCj)
 11791 | Lair:4   | Lost mutation: You are weak. (Str -2) [potion of mutation]
 11791 | Lair:4   | Gained mutation: You are surrounded by a mild repulsion
                  | field. (EV +2) [potion of mutation]
 11791 | Lair:4   | Gained mutation: You are weak. (Str -2) [potion of
                  | mutation]
 11791 | Lair:4   | Gained mutation: You have an increased reservoir of magic.
                  | (+10% MP) [potion of mutation]
 11791 | Lair:4   | Gained mutation: You possess an exceptional clarity of
                  | mind. [potion of mutation]
 12227 | Lair:4   | Reached skill level 15 in Invocations
 12503 | Lair:5   | Found a basalt altar of Yredelemnul.
 13290 | Lair:6   | Entered Level 6 of the Lair of Beasts
 13384 | Lair:6   | Reached skill level 15 in Axes
 13563 | Lair:6   | Reached XP level 16. HP: 155/158 MP: 8/8
 13787 | Lair:6   | Reached skill level 16 in Invocations
 14334 | Lair:6   | Found a viscous altar of Jiyva.
 14334 | Lair:6   | Found a staircase to the Slime Pits.
 14691 | Spider:1 | Entered Level 1 of the Spider Nest
 14958 | Spider:3 | Noticed Jorgrun
 14975 | Spider:3 | Killed Jorgrun
 15028 | Spider:4 | Entered Level 4 of the Spider Nest
 15066 | Spider:4 | Noticed an Executioner
 15070 | Spider:4 | HP: 5/159 [Executioner[the player character] (17)]
 15070 | Spider:4 | Mangled by an Executioner

Levels and vault maps discovered:
D:1:      minmay_arrival_radiant_lines, layout_basic, minmay_worlds_worst_comb
D:2:      layout_loops_ring, lemuel_round_altar, first_ration
D:3:      layout_rooms, uniq_crazy_yiuf_cottage
D:4:      layout_gridville, gammafunk_ghost_cemetery, nrook_mini_vaults,
          uniq_natasha
D:5:      layout_loops_ring, zin_purify, minmay_temple_entry_drinking_statues,
          uniq_ijyb, uniq_sigmund, uniq_duvessa
D:6:      layout_rooms, uniq_edmund
D:7:      layout_layer_cave
D:8:      layout_rooms, lemuel_blue_sif_altar, minmay_manual_mess, uniq_joseph
D:9:      layout_loops_ring, lemuel_crystal_altar, nicolae_ashenzari_panopticon,
          xom_butterflies, uniq_erica
D:10:     layout_cave_pools, dpeg_oklobed_lair
D:11:     layout_big_octagon, zombieorc2_lemuel, grunt_tengu_nest
D:12:     layout_loops_cross, david_defended_altar_elf, uniq_sonja
D:13:     layout_irregular_city, serial_shops, bzr_entry_dummy
D:14:     layout_stronghold, grunt_vaults_entry_tiered, hangedman_decor_growths,
          basic_altar, nicolae_island_escapes, uniq_frances
D:15:     hangedman_depths_entry_try_elsewhere_first, layout_loops_cross,
          nicolae_wwwww, basic_altar, serial_shops, nicolae_shop_stone
Temple:   nicolae_temple_elliptical
Lair:1:   layout_gridlike, minivault_27, grunt_megastairs_5
Lair:2:   layout_cave_shapes, nicolae_swamp_entry_splash_gauntlet,
          serial_bayou_lagoon_b, uniq_urug
Lair:3:   layout_layer_cave, spider_nest_entry_webs,
          ebering_ghost_reflecting_pool, grunt_megastairs_3,
          lemuel_fruit_fields, infiniplex_staircase_pool
Lair:4:   beast_lair_carwin_large_4, layout_regular_city
Lair:5:   layout_misc_corridors, basic_altar, chequers_serial_rivers_micro_a,
          ldierk_geyser, serial_bayou_shore_b
Lair:6:   grunt_lair_end_beastmaster, layout_layer_cave,
          dpeg_slime_entry_enclosed_altar
Spider:1: layout_spider_delve, uniq_roxanne, uniq_aizul
Spider:2: layout_spider_delve
Spider:3: layout_spider_delve, uniq_jorgrun
Spider:4: guppyfry_spider_rune

Skill      XL: |  1  2  3  4  5  6  7  8  9 10 11 12 13 14 15 16 |
---------------+-------------------------------------------------+-----
Fighting       | 3 4 5 6 7 8 10 11 12 13 14 | 14.2
Dodging        | 1 2 3 4 5 6 7 8 9 10 11 | 11.0
Axes           | 3 4 5 6 8 9 11 12 13 14 15 | 15.7
Shields        | 4 5 6 7 8 9 10 11 | 11.4
Armour         | 4 5 6 7 8 9 10 11 | 11.4
Invocations    | 4 6 9 11 12 14 15 16 | 16.4

Action                   |  1- 3 |  4- 6 |  7- 9 | 10-12 | 13-15 | 16-18 || total
-------------------------+-------+-------+-------+-------+-------+-------++-------
Melee: War axe           |    89 |   206 |   363 |   476 |   131 |       ||  1265
       Broad axe         |       |       |       |       |  1157 |   246 ||  1403
Invok: Lesser Servant of |       |       |       |     2 |    20 |    16 ||    38
       Minor Destruction |       |       |       |       |     4 |       ||     4
       Greater Servant o |       |       |       |       |       |     4 ||     4
 Abil: Heal Wounds       |     1 |     3 |    14 |    24 |    30 |     4 ||    76
Evoke: Wand              |       |       |       |       |     4 |       ||     4
  Use: Scroll            |       |       |    14 |     4 |    12 |     3 ||    33
       Potion            |       |       |     2 |     2 |     3 |       ||     7
 Stab: Distracted        |       |       |       |     4 |    11 |     1 ||    16
       Paralysed         |       |       |       |       |     2 |       ||     2
  Eat: Chunk             |       |     3 |     7 |     7 |    22 |     5 ||    44
       Ration            |       |       |       |     2 |     2 |       ||     4
Armor: Scale mail        |    32 |       |       |       |       |       ||    32
       Plate armour      |    14 |   158 |   283 |   266 |    40 |       ||   761
       Chain mail        |       |       |       |       |   444 |   182 ||   626
Dodge: Dodged            |    23 |    41 |   118 |   152 |   770 |   329 ||  1433
Block: Kite shield       |    55 |   151 |   290 |   357 |  1139 |   334 ||  2326

Table legend:
 A = Non-vault XP
 B = Vault XP
 C = Vault XP percentage of total XP
 D = Non-vault monster count
 E = Vault monster count
 F = Vault count percentage of total count
                 A         B        C        D         E       F
            +---------+---------+-------+---------+---------+-------
      Total |  134916 |   36817 |  21.4 |     620 |     128 |  17.1
            +---------+---------+-------+---------+---------+-------
        D:1 |       2 |       0 |   0.0 |       1 |       0 |   0.0
        D:2 |      65 |       0 |   0.0 |       8 |       0 |   0.0
        D:3 |     175 |       0 |   0.0 |      18 |       0 |   0.0
        D:4 |     350 |      35 |   9.1 |      23 |       1 |   4.2
        D:5 |     307 |     493 |  61.6 |      10 |       4 |  28.6
        D:6 |    1031 |     169 |  14.1 |      27 |       1 |   3.6
        D:7 |    1077 |       0 |   0.0 |      18 |       0 |   0.0
        D:8 |    1779 |    1049 |  37.1 |      26 |       7 |  21.2
        D:9 |    2873 |     907 |  24.0 |      21 |       1 |   4.5
       D:10 |    3331 |     550 |  14.2 |      46 |       1 |   2.1
       D:11 |    5116 |     974 |  16.0 |      30 |      37 |  55.2
       D:12 |    5646 |    1294 |  18.6 |      30 |       2 |   6.2
       D:13 |   12029 |       0 |   0.0 |      50 |       0 |   0.0
       D:14 |   11142 |    9118 |  45.0 |      29 |      26 |  47.3
       D:15 |   18801 |    2185 |  10.4 |      47 |       4 |   7.8
     Lair:1 |    2697 |     511 |  15.9 |      11 |       2 |  15.4
     Lair:2 |    4934 |    1890 |  27.7 |      23 |       7 |  23.3
     Lair:3 |    5810 |    1304 |  18.3 |      19 |       3 |  13.6
     Lair:4 |    8203 |    5937 |  42.0 |      35 |      13 |  27.1
     Lair:5 |    9265 |       0 |   0.0 |      30 |       0 |   0.0
     Lair:6 |   22466 |    7474 |  25.0 |      67 |      18 |  21.2
   Spider:1 |     214 |       0 |   0.0 |       1 |       0 |   0.0
   Spider:2 |    5085 |       0 |   0.0 |      16 |       0 |   0.0
   Spider:3 |   10364 |    2927 |  22.0 |      27 |       1 |   3.6
   Spider:4 |    2154 |       0 |   0.0 |       7 |       0 |   0.0
            +---------+---------+-------+---------+---------+-------
